 Dungeon Crawl Stone Soup version 0.21-a0-156-g77413b7 (webtiles) character file.

527581 Charly the Wrestler (level 23, -6/266 HPs)
             Began as a Minotaur Hunter on Aug 3, 2017.
             Was an Elder of Cheibriados.
             Engulfed by a cloud of blessed fire (27 damage)
             ... in Pandemonium on Aug 4, 2017.
             The game lasted 04:13:45 (15080 turns).

Charly the Wrestler (Minotaur Hunter)              Turns: 15080, Time: 04:13:46

Health: -6/266     AC: 28    Str: 32    XL:     23   Next: 13%
Magic:  27/34      EV: 29    Int: 14    God:    Cheibriados [****..]
Gold:   547        SH: 12    Dex: 30    Spells: 19/38 levels left

rFire    + . .     SeeInvis +     - Unarmed
rCold    + + .     Gourm    .   x - +2 buckler {AC+3}
rNeg     + . .     Faith    .   (armour currently unavailable)
rPois    ∞         Spirit   .   (helmet unavailable)
rElec    +         Reflect  +   B - scarf of Valour {rC+++ rCorr Str-3 Int-3}
rCorr    +         Harm     .   (gloves currently unavailable)
MR       +++..                  (boots currently unavailable)
Stlth    ++........             i - +2 amulet of reflection
HPRegen  0.54/turn              m - ring of Xigishen {MR+ Dex+3 Stlth-}
MPRegen  0.24/turn              f - ring "Dydulot" {Fire Str+7 SInv}

@: statue-form, very slow
A: retaliatory headbutt, horns 3, talons 1, blink, deterioration 1, dopey 2,
magic resistance 1, poison resistance
}: 6/15 runes: decaying, slimy, silver, demonic, magical, gossamer
a: End Transformation, Blink, Bend Time, Temporal Distortion, Slouch, Renounce
Religion


You were in Pandemonium.
You worshipped Cheibriados.
Cheibriados was greatly pleased with you.
You were hungry.
You were a stone statue.
You visited 7 branches of the dungeon, and saw 44 of its levels.
You visited Pandemonium 1 time, and saw 10 of its levels.
You visited the Abyss 2 times.
You also visited: Labyrinth and Sewer.

You collected 1735 gold pieces.
You spent 1188 gold pieces at shops.

Inventory:

Armour
 b - a +2 cloak of poison resistance
 c - a +0 pair of gloves (melded)
 s - a +0 large shield of positive energy
 x - a +2 buckler of protection (worn)
 y - a +2 hat
 B - the scarf of Valour (worn) {rC+++ rCorr Str-3 Int-3}
   (You bought it in a shop on level 3 of the Vaults)

   It affects your strength (-3).
   It affects your intelligence (-3).
   It renders you almost immune to cold.
   It protects you from acid and corrosion.
 C - the +1 leather armour of Omission (melded) {rF+ Regen+ SInv}
   (You took it off a minotaur in a labyrinth)

   It protects you from fire.
   It lets you see invisible.
   It increases your rate of regeneration.
 D - a +1 pair of boots (melded)
 K - a +1 large shield of protection
 M - the +7 large shield "Qife" {Dex+6, unknown}
   (You took it off a daeva in Pandemonium)

   It affects your dexterity (+6).
Magical Staves
 a - an uncursed staff of earth
Jewellery
 d - an uncursed ring of protection from fire
 f - the ring "Dydulot" (right hand) {Fire Str+7 SInv}
   (You found it on level 6 of the Lair of Beasts)

   [ring of fire]

   It enhances your fire magic.
   It affects your strength (+7).
   It protects you from fire.
   It makes you vulnerable to cold.
   It lets you see invisible.
 i - a +2 amulet of reflection (around neck)
 m - the ring of Xigishen (left hand) {MR+ Dex+3 Stlth-}
   (You found it on level 5 of the Vaults)

   [ring of loudness]

   It affects your dexterity (+3).
   It affects your resistance to hostile enchantments.
   It makes you less stealthy.
 u - a +3 ring of protection
 w - an uncursed ring of wizardry
Wands
 h - a wand of digging (7/24)
Scrolls
 e - 2 scrolls of recharging
 g - 3 scrolls of remove curse
 k - 4 scrolls of magic mapping
 p - a scroll of immolation
 q - 3 scrolls of enchant armour
 A - a scroll of teleportation
 H - a scroll of blinking
 J - 2 scrolls of fear
Potions
 n - 5 potions of flight
 o - 14 potions of curing
 r - 3 potions of brilliance
 t - 4 potions of agility
 v - 2 potions of might
 z - 2 potions of invisibility
 F - a potion of resistance {unknown}
 G - a potion of magic {unknown}
 L - a potion of berserk rage {unknown}
 N - 4 potions of cancellation {unknown}
Miscellaneous
 l - a phial of floods
 E - a fan of gales
Comestibles
 j - 2 bread rations
 I - 15 meat rations


   Skills:
 - Level 17.1 Fighting
 - Level 9.0 Throwing
 - Level 10.0 Armour
 - Level 14.2 Dodging
 - Level 0.7 Stealth
 + Level 9.1 Shields
 - Level 21.6 Unarmed Combat
 - Level 8.0 Spellcasting
 - Level 8.4 Translocations
 - Level 13.0 Transmutations
 - Level 13.0 Earth Magic
 - Level 13.2 Invocations


You had 19 spell levels left.
You knew the following spells:

 Your Spells              Type           Power        Failure   Level  Hunger
b - Blink                 Tloc           N/A          1%          2    None
c - Confusing Touch       Hex            #.....       13%         1    None
p - Passage of Golubria   Tloc           N/A          4%          4    ####...
B - Summon Butterflies    Summ           #.......     13%         1    None
Q - Silence               Hex/Air        #.........   98%         5    #####..
S - Statue Form           Tmut/Erth      #####....    9%          6    #######


Dungeon Overview and Level Annotations

Branches:
Dungeon (15/15)            Temple (0/1) D:7            Lair (6/6) D:10
  Swamp (4/4) Lair:4       Spider (4/4) Lair:3        Slime (5/5) Lair:5
 Vaults (5/5) D:13          Crypt (0/3) Vaults:3     Depths (5/5) D:15
    Orc: D:9-12         Zot: Depths:5

Altars:
Cheibriados
Hepliaklqana
Makhleb
Nemelex Xobeh
Vehumet
Xom
The Shining One
Jiyva

Shops:
D:4 (   D:5 [   D:11 (   D:13 *   D:15 :   Vaults:3 ??[   Vaults:5 %

Portals:
Hell: Lair:6 Depths:1 Depths:2
Pandemonium: Depths:5
Trove: D:11 (give +8 demon blade)

Annotations:
D:4 Dowan, Duvessa, Edmund, Sigmund


Innate Abilities, Weirdness & Mutations

You reflexively headbutt those who attack you in melee.
You have a pair of large horns on your head.
You have sharp toenails.
((You are partially covered in slimy green scales. (AC +2)))
You can translocate small distances at will.
Your body sometimes deteriorates upon taking damage.
You are very dopey. (Int -4)
You are resistant to hostile enchantments. (MR+)
Your system is resistant to poisons. (rPois)


Message History

The cherub is severely wounded.
You are engulfed in blessed fire.
* * * LOW HITPOINT WARNING * * *
The cherub hits you but does no damage. You block the cherub's attack.
Unknown command.
You hit the cherub. You claw the cherub!
The cherub is almost dead.
You are engulfed in blessed fire.
* * * LOW HITPOINT WARNING * * *
You block the cherub's attack. The cherub completely misses you.
Unknown command.
You pummel the cherub like a punching bag!!!
You kill the cherub!
Cheibriados thoroughly appreciates the change of pace.
You hear a splash. x5
You are engulfed in blessed fire.
* * * LOW HITPOINT WARNING * * *
Unknown command.
You feel better.
You are engulfed in blessed fire.
You die...

≈≈≈≈≈##≈≈≈≈...#*,,≈≈≈,**≈,,,,,,,,
,,≈≈≈≈≈≈≈≈≈...#*,,≈8≈,********,∩,
,,≈≈≈≈≈≈≈≈....#*,,≈≈≈,***********
,,≈≈≈≈≈≈≈≈≈..^#*,,,,,,,,,,,∩,,,,,
,,,≈≈≈≈≈≈≈≈≈.##*+,,,,,,,,,,,,,,,,
*,,≈≈≈≈≈≈≈≈≈)#,,*****************
*,,,≈≈≈≈≈≈≈≈≈#,,*#######*********
,,,,,≈≈≈≈≈≈≈≈####§......,,,,,,,,,
,,,,,.≈≈≈≈##≈≈§≈8§......,,,,,,,**
**,,,..≈≈≈≈##≈§§§§......,,**,,,,,
****#..≈≈≈≈#≈≈≈≈≈≈≈.##.,*****,,*
##..≈≈≈≈≈≈≈≈≈≈≈≈.#*** ****
##*#≈≈≈≈≈≈≈≈≈≈..#*
##≈≈≈≈≈#≈≈≈≈≈.# ***
#Y≈≈≈≈≈≈≈≈≈≈.# ***,**
#..≈≈≈≈≈≈≈####
**,,,,******,,≈≈≈≈≈≈≈**


You could see an apis.

Vanquished Creatures
  the Royal Jelly (Slime:5)
  3 ancient liches (Vaults:5)
  A pandemonium lord (Pan)
  Sojobo (Depths:1)
  the Lernaean hydra (Swamp:4)
  2 golden dragons (Vaults:5)
  Arachne (Spider:2)
  A Brimstone Fiend (Pan)
  Jorgrun (Vaults:5)
  Rupert (Spider:1)
  2 tentacled monstrosities (Vaults:5)
  2 Hell Sentinels (Pan)
  3 Ice Fiends (Pan)
  2 liches
  Asterion (Spider:3)
  6 titans
  4 tentacled starspawn
  An Executioner (Pan)
  12 acid blobs (Slime:5)
  Gastronok (Lair:2)
  6 sphinxes
  A storm dragon (D:13)
  2 thorn hunters
  5 azure jellies
  3 shadow dragons (Vaults:5)
  7 tengu reavers
  13 daevas (Pan)
  5 fire giants
  An iron dragon (Vaults:5)
  A deep elf sorcerer (Vaults:4)
  7 emperor scorpions
  5 frost giants
  Louise (D:15)
  15 vault wardens
  5 ghost moths
  7 angels (Pan)
  4 draconian annihilators (Pan)
  4 balrugs (Pan)
  A spriggan defender (Depths:3)
  12 ironheart preservers
  2 deep elf elementalists (Vaults:5)
  5 war gargoyles (Vaults:5)
  2 blood saints (Pan)
  3 very ugly things
  A reaper (Pan)
  7 ophanim (Pan)
  7 stone giants
  3 apis (Pan)
  3 deep elf annihilators
  A black sun (Pan)
  2 entropy weavers
  2 lorocyprocas (Pan)
  A dire elephant (Lair:6)
  2 ettins
  9 blizzard demons
  A merfolk impaler (Depths:1)
  6 death oozes
  A crystal guardian (Vaults:3)
  A minotaur (Lab)
  4 great orbs of eyes
  5 green deaths
  2 fire dragons
  4 ice dragons
  A deep elf high priest (Vaults:5)
  7 yaktaur captains
  3 rakshasas
  19 hydras
  2 hell beasts
  2 ghost crabs
  4 spriggan air magi
  33 vault guards
  2 monstrous demonspawn (Pan)
  An anaconda (shapeshifter) (Vaults:5)
  6 alligators
  3 death knights
  5 centaur warriors
  18 two-headed ogres
  A catoblepas (Lair:6)
  10 ogre magi
  A dancing weapon (Vaults:5)
  7 deep troll shamans
  3 tengu warriors
  2 deep troll earth magi (Depths:2)
  4 thrashing horrors
  3 hell knights (Depths:3)
  3 holy swine (Pan)
  2 spriggan berserkers
  3 wretched stars
  2 deep elf knights
  6 soul eaters (Pan)
  5 sixfirhies
  7 sun demons
  An iron troll (Depths:1)
  4 infernal demonspawn
  5 cherubim (Pan)
  8 skeletal warriors
  5 shadow demons
  3 torturous demonspawn
  A shadow wraith (Vaults:2)
  4 shambling mangroves
  A gelid demonspawn (Pan)
  A sea snake (shapeshifter) (Vaults:5)
  10 deep trolls
  3 spriggan druids
  A death drake (shapeshifter) (Depths:2)
  A storm dragon skeleton (Vaults:3)
  3 glowing orange brains
  6 wizards
  4 phantasmal warriors (Vaults:5)
  A lindwurm (shapeshifter) (Vaults:5)
  2 deep elf archers
  10 swamp dragons
  4 necromancers
  12 orc knights
  6 ironbrand convokers
  10 ugly things
  9 wolf spider zombies
  4 harpies (Vaults:3)
  13 orb spiders
  5 orc sorcerers
  14 wolf spiders
  A mana viper (shapeshifter) (Vaults:5)
  A salamander (shapeshifter) (Abyss:2)
  2 worldbinders
  17 deep elf magi
  An elephant (shapeshifter) (Depths:5)
  2 manticores
  5 shining eyes
  6 cyclopes
  19 smoke demons
  4 elephants (Lair:5)
  An apocalypse crab (Abyss:5)
  11 vault sentinels
  2 eyes of devastation (Slime:5)
  A stone giant skeleton (Vaults:3)
  3 black mambas
  Psyche (D:9)
  6 orange demons
  11 spiny frogs
  A fire giant skeleton (Vaults:3)
  A rust devil (Depths:5)
  A spiny frog (shapeshifter) (Vaults:3)
  2 hellions (Pan)
  A gargoyle (D:14)
  2 centaur skeletons
  A yaktaur (shapeshifter) (D:13)
  2 efreet
  8 freezing wraiths
  11 demonic crawlers
  2 kobold demonologists (D:13)
  10 redback zombies (Spider:2)
  A tengu conjurer (D:12)
  A tormentor (Pan)
  4 komodo dragons (Lair:6)
  2 human zombies (Vaults:3)
  6 rime drakes (Lair:6)
  33 yaktaurs
  10 hellwings (Pan)
  4 trolls
  A troll (shapeshifter) (Abyss:3)
  2 ice devils (Lair:6)
  3 red devils (Pan)
  A yaktaur skeleton (Vaults:3)
  3 ancient zymes
  2 polar bears
  A tengu simulacrum (Vaults:3)
  17 hornets
  Prince Ribbit (D:5)
  A queen bee (shapeshifter) (Vaults:1)
  66 slime creatures
  17 jumping spiders
  An ettin zombie (Vaults:3)
  A raiju (shapeshifter) (Vaults:4)
  4 tyrant leeches
  6 tarantella zombies (Spider:2)
  21 blink frogs
  2 bog bodies
  A raiju (Abyss:2)
  5 dream sheep
  5 hippogriffs
  3 flying skulls (Depths:2)
  A fire giant simulacrum (Abyss:3)
  A water elemental (Depths:1)
  18 tarantellas
  52 redbacks
  2 redbacks (shapeshifter)
  10 spriggans
  A shadow (Swamp:3)
  A wraith (D:13)
  5 ynoxinuls
  A basilisk (shapeshifter) (D:14)
  A wyvern (shapeshifter) (Vaults:5)
  19 yaks
  A hungry ghost (D:15)
  A basilisk (D:12)
  A fire bat (Pan)
  10 vampire mosquitoes
  2 chaos spawn (Pan)
  A human simulacrum (Vaults:3)
  A hog (shapeshifter) (Vaults:1)
  A steam dragon (D:7)
  3 neqoxecs
  5 large abominations
  13 insubstantial wisps
  3 wargs
  15 swamp worms
  An acid dragon (D:15)
  7 hell hounds
  9 water moccasins
  6 porcupines
  A black bear (shapeshifter) (D:13)
  8 eyes of draining
  10 swamp drakes
  15 orc warriors
  2 sky beasts
  8 ice beasts (D:13)
  28 ogres
  A phantom (D:14)
  7 wolves
  5 boggarts
  A necrophage (D:13)
  2 elf skeletons (Vaults:3)
  13 centaurs
  7 crocodiles
  Blork the orc (D:5)
  14 bullfrogs
  A deep troll simulacrum (Vaults:3)
  A big kobold (Sewer)
  4 scorpions
  2 killer bees
  3 howler monkeys (D:14)
  2 electric eels (D:11)
  5 crimson imps
  6 starcursed masses (Abyss:5)
  2 bullfrog zombies
  3 centaur zombies
  8 orc priests
  4 hounds
  2 jellies
  3 iron imps (Depths:5)
  17 orc wizards
  Ijyb (D:4)
  6 worker ants
  7 hell rats (Lair:1)
  7 small abominations
  3 gnolls (D:8)
  A gnoll (shapeshifter) (Vaults:5)
  14 river rats
  3 shadow imps
  A white imp (Abyss:3)
  An ooze (D:4)
  A worm (D:2)
  4 leopard geckos
  36 orcs
  A bat (D:3)
  2 giant cockroaches (D:4)
  2 goblins
  A hobgoblin (D:3)
  6 jackals
  8 quokkas
  2 frilled lizards
  10 kobolds
  A leopard gecko skeleton (D:7)
  2 leopard gecko zombies
  A quokka skeleton (D:4)
  A quokka zombie (D:6)
  13 rats
  2 crawling corpses (Vaults:5)
  3 starspawn tentacles
1421 creatures vanquished.

Vanquished Creatures (collateral kills)
  A draconian annihilator (Pan)
  A deep elf annihilator (Pan)
  A green death (Pan)
  A slime creature (Slime:2)
4 creatures vanquished.

Vanquished Creatures (others)
  A draconian annihilator (Pan)
  A rakshasa (Pan)
  A wizard (Pan)
  A glowing orange brain (Pan)
  A deep elf mage (Vaults:3)
  3 smoke demons (Pan)
  A centaur zombie (D:15)
  A spiny frog (Swamp:1)
  A hellwing (Pan)
  2 spriggans
  A water elemental (D:15)
  A swamp worm (Swamp:2)
  An orc warrior (Vaults:2)
  A small abomination (Abyss:5)
  A shadow imp (D:12)
  7 ball lightnings (Pan)
  2 orcs
  A quokka (D:11)
  2 fungi (Lair:6)
  6 plants (D:15)
  6 starspawn tentacles
42 creatures vanquished.

Grand Total: 1467 creatures vanquished

Notes
Turn   | Place    | Note
-------+----------+-------------------------------------------
     0 | D:1      | Charly the Minotaur Hunter began the quest for the Orb.
     0 | D:1      | Reached XP level 1. HP: 18/18 MP: 0/0
   230 | D:3      | Reached XP level 2. HP: 26/26 MP: 1/1
   286 | D:4      | Found Qiakal's Antique Weapon Emporium.
   357 | D:4      | Found a glowing drain.
   361 | Sewer    | Entered a sewer
   369 | Sewer    | Reached skill level 1 in Armour
   379 | Sewer    | Reached XP level 3. HP: 5/33 MP: 2/2
   429 | Sewer    | Noticed a big kobold
   469 | Sewer    | Killed a big kobold
   469 | Sewer    | Reached XP level 4. HP: 5/41 MP: 3/3
   470 | Sewer    | HP: 2/41 [kobold/short sword (3)]
   492 | Sewer    | Found a glowing silver altar of Zin.
   596 | D:4      | Found a glowing golden altar of the Shining One.
   598 | D:4      | Noticed Duvessa
   598 | D:4      | Noticed Dowan
   599 | D:4      | Noticed a sky beast
   599 | D:4      | Noticed an ogre
   604 | D:4      | Noticed Sigmund
   691 | D:4      | Noticed Ijyb
   699 | D:4      | Reached skill level 5 in Fighting
   724 | D:4      | Killed Ijyb
   737 | D:4      | Noticed Edmund
   744 | D:5      | Entered Level 5 of the Dungeon
   750 | D:5      | Reached XP level 5. HP: 36/50 MP: 4/4
   816 | D:5      | Found Xeulae's Antique Armour Boutique.
   902 | D:5      | Noticed Blork the orc
   912 | D:5      | Killed Blork the orc
   912 | D:5      | Reached XP level 6. HP: 52/58 MP: 5/5
   934 | D:5      | Noticed Prince Ribbit
   948 | D:5      | Killed Prince Ribbit
   948 | D:5      | Reached XP level 7. HP: 46/66 MP: 6/6
   950 | D:5      | Found a faded altar of an unknown god.
   950 | D:5      | Found a sparkling altar of Nemelex Xobeh.
   955 | D:5      | Found a snail-covered altar of Cheibriados.
   957 | D:5      | Found a hazy altar of Hepliaklqana.
   958 | D:5      | Found a radiant altar of Vehumet.
   961 | D:5      | Became a worshipper of Cheibriados the Contemplative
   993 | D:6      | Reached skill level 1 in Unarmed Combat
   998 | D:6      | Reached skill level 2 in Unarmed Combat
  1083 | D:6      | Reached skill level 3 in Unarmed Combat
  1178 | D:7      | Noticed a hippogriff
  1190 | D:7      | Killed a hippogriff
  1190 | D:7      | Reached skill level 5 in Unarmed Combat
  1208 | D:7      | Found a staircase to the Ecumenical Temple.
  1220 | D:7      | Noticed a hungry ghost
  1252 | D:7      | Noticed a steam dragon
  1263 | D:7      | Killed a steam dragon
  1263 | D:7      | Reached skill level 6 in Unarmed Combat
  1263 | D:7      | Reached XP level 8. HP: 21/73 MP: 7/7
  1350 | D:6      | Reached skill level 7 in Unarmed Combat
  1377 | D:6      | Reached * piety under Cheibriados
  1551 | D:8      | Learned a level 1 spell: Confusing Touch
  1595 | D:9      | Noticed Psyche
  1595 | D:9      | Noticed a two-headed ogre
  1604 | D:9      | Killed Psyche
  1604 | D:9      | Reached skill level 8 in Unarmed Combat
  1618 | D:9      | Killed a two-headed ogre
  1618 | D:9      | Reached skill level 5 in Dodging
  1618 | D:9      | Reached skill level 9 in Unarmed Combat
  1618 | D:9      | Reached XP level 9. HP: 52/79 MP: 8/8
  1661 | D:10     | Entered Level 10 of the Dungeon
  1763 | D:9      | Reached skill level 5 in Armour
  1766 | D:9      | Gained mutation: You have sharp toenails. [mutagenic meat]
  1767 | D:9      | Gained mutation: You can translocate small distances at will. [mutagenic meat]
  1781 | D:9      | Found a shimmering altar of Xom.
  1934 | D:10     | Found a staircase to the Lair.
  1950 | D:10     | Got an ancient dagger
  1951 | D:10     | Identified the +1 dagger of Tumult {flame, rElec rC++ MR+} (You found it on level 10 of the Dungeon)
  2015 | D:10     | Noticed a manticore
  2030 | D:10     | Killed a manticore
  2030 | D:10     | Reached skill level 10 in Unarmed Combat
  2084 | D:11     | Reached skill level 5 in Throwing
  2118 | D:11     | Reached ** piety under Cheibriados
  2182 | D:11     | Found Cumo's Antique Weapon Emporium.
  2214 | D:11     | Noticed a brown ugly thing
  2227 | D:11     | Killed a brown ugly thing
  2227 | D:11     | Reached skill level 11 in Unarmed Combat
  2227 | D:11     | Reached XP level 10. HP: 71/86 MP: 9/9
  2231 | D:11     | Gained mutation: You are weak. (Str -2) [mutagenic meat]
  2232 | D:11     | Gained mutation: Your system is resistant to poisons. (rPois) [mutagenic meat]
  2233 | D:11     | Lost mutation: You have sharp toenails. [mutagenic meat]
  2279 | D:11     | Found a portal to a secret trove of treasure.
  2373 | D:12     | Noticed a centaur warrior
  2384 | D:12     | Killed a centaur warrior
  2472 | D:12     | Noticed a skeletal warrior
  2473 | D:12     | Noticed a skeletal warrior
  2476 | D:12     | Noticed a skeletal warrior
  2540 | D:12     | Reached *** piety under Cheibriados
  2611 | D:13     | Noticed a cyclops
  2611 | D:13     | Noticed a two-headed ogre
  2740 | Lair:1   | Entered Level 1 of the Lair of Beasts
  2771 | Lair:1   | Reached skill level 12 in Unarmed Combat
  2905 | Lair:2   | Reached XP level 11. HP: 80/95 MP: 10/10
  2946 | Lair:3   | Found a hole to the Spider Nest.
  2946 | Lair:3   | Noticed an orb spider
  2949 | Lair:3   | Killed an orb spider
  3032 | Lair:3   | Reached **** piety under Cheibriados
  3273 | Lair:4   | Reached skill level 1 in Invocations
  3514 | Lair:2   | Reached skill level 13 in Unarmed Combat
  3564 | Lair:2   | Noticed Gastronok
  3572 | Lair:2   | Killed Gastronok
  3909 | Lair:4   | Found a staircase to the Swamp.
  3922 | Lair:4   | Reached ***** piety under Cheibriados
  4004 | Lair:5   | Reached skill level 5 in Invocations
  4004 | Lair:5   | Reached XP level 12. HP: 104/104 MP: 14/14
  4061 | Lair:6   | Entered Level 6 of the Lair of Beasts
  4061 | Lair:6   | Noticed a four-headed hydra
  4069 | Lair:6   | Killed a four-headed hydra
  4198 | Lair:6   | Reached skill level 14 in Unarmed Combat
  4204 | Lair:6   | Noticed a dire elephant
  4215 | Lair:6   | Killed a dire elephant
  4306 | Lair:6   | Found a burning altar of Makhleb.
  4327 | Lair:6   | Reached skill level 10 in Fighting
  4327 | Lair:6   | Reached skill level 10 in Armour
  4416 | Lair:6   | Reached skill level 15 in Unarmed Combat
  4432 | Lair:6   | Found a gateway to Hell.
  4441 | Lair:6   | Got a transparent ivory ring
  4442 | Lair:6   | Identified the ring "Dydulot" {Fire Str+7 SInv} (You found it on level 6 of the Lair of Beasts)
  4523 | Lair:6   | Noticed a catoblepas
  4537 | Lair:6   | Killed a catoblepas
  4547 | Lair:6   | Reached XP level 13. HP: 98/114 MP: 15/15
  4688 | Lair:5   | Found a viscous altar of Jiyva.
  4688 | Lair:5   | Found a staircase to the Slime Pits.
  4780 | Spider:1 | Entered Level 1 of the Spider Nest
  4780 | Spider:1 | Noticed Rupert
  4862 | Swamp:1  | Entered Level 1 of the Swamp
  4877 | Swamp:1  | Reached skill level 10 in Dodging
  4911 | Swamp:1  | Learned a level 6 spell: Statue Form
  5111 | Swamp:2  | Reached skill level 16 in Unarmed Combat
  5152 | Swamp:1  | Reached skill level 1 in Earth Magic
  5160 | Swamp:1  | Reached skill level 1 in Transmutations
  5309 | Lair:1   | Reached ****** piety under Cheibriados
  5660 | D:15     | Entered Level 15 of the Dungeon
  5684 | D:14     | Got an opalescent robe
  5718 | D:15     | Identified the +1 robe "Oroqyeb" {+Blink Str+4 Int+3} (You found it on level 14 of the Dungeon)
  5768 | D:15     | Reached XP level 14. HP: 93/124 MP: 18/18
  5782 | D:15     | Learned a level 1 spell: Summon Butterflies
  5844 | D:13     | Found Houvext's General Store.
  5856 | D:13     | Bought a scroll of fear for 59 gold pieces
  5856 | D:13     | Bought a scroll of fear for 59 gold pieces
  5868 | D:15     | Found a labyrinth entrance.
  5877 | Lab      | Entered a labyrinth
  6013 | Lab      | Got a scorched leather armour
  6016 | Lab      | Identified the +1 leather armour of Omission {rF+ Regen+ SInv} (You took it off a minotaur in a labyrinth)
  6020 | Lab      | Identified the Handbook of Orientation
  6026 | Lab      | Learned a level 4 spell: Passage of Golubria
  6075 | D:15     | Noticed Louise
  6099 | D:15     | Reached skill level 5 in Earth Magic
  6122 | D:15     | Cast into level 3 of the Abyss (Louise)
  6133 | Abyss:3  | Noticed a tentacled starspawn
  6141 | Abyss:3  | Killed a tentacled starspawn
  6141 | Abyss:3  | Reached skill level 1 in Spellcasting
  6141 | Abyss:3  | Reached skill level 5 in Transmutations
  6143 | Abyss:3  | Noticed a tentacled starspawn
  6148 | Abyss:3  | Killed a tentacled starspawn
  6197 | D:15     | Escaped the Abyss
  6219 | D:15     | Found Oblouklegi's Book Shoppe.
  6377 | D:14     | Got a tattered robe
  6388 | D:14     | Identified the cursed +0 robe of Lethargy {rElec Str+3} (You found it on level 14 of the Dungeon)
  6679 | D:13     | Noticed a storm dragon
  6689 | D:13     | Killed a storm dragon
  6697 | D:13     | Gained mutation: You tend to lose your temper in combat. [mutagenic meat]
  6701 | D:13     | Gained mutation: You are clumsy. (Dex -2) [mutagenic meat]
  6702 | D:13     | Gained mutation: You have sharp toenails. [mutagenic meat]
  6953 | D:5      | Bought a glowing cloak for 232 gold pieces
  7225 | Spider:1 | Paralysed by Rupert for 6 turns
  7236 | Spider:1 | Killed Rupert
  7237 | Spider:1 | Noticed an emperor scorpion
  7240 | Spider:1 | Reached XP level 15. HP: 129/129 MP: 11/19
  7500 | Spider:3 | Noticed Asterion
  7512 | Spider:3 | Killed Asterion
  7590 | Spider:4 | Entered Level 4 of the Spider Nest
  7757 | Spider:3 | Noticed a ghost moth
  7762 | Spider:3 | Killed a ghost moth
  7765 | Spider:3 | Lost mutation: You are weak. (Str -2) [mutagenic meat]
  7863 | Spider:4 | Noticed a ghost moth
  7865 | Spider:4 | Killed a ghost moth
  7874 | Spider:4 | Noticed a ghost moth
  7878 | Spider:4 | Killed a ghost moth
  7918 | Spider:4 | Reached XP level 16. HP: 137/137 MP: 4/22
  7940 | Spider:4 | Reached skill level 5 in Spellcasting
  7940 | Spider:4 | Reached skill level 10 in Transmutations
  7970 | Spider:4 | Gained mutation: Armour fits poorly on your strangely shaped body. [mutagenic meat]
  7972 | Spider:4 | Gained mutation: You are resistant to electric shocks. (rElec) [mutagenic meat]
  7974 | Spider:4 | Gained mutation: You are resistant to hostile enchantments. (MR+) [mutagenic meat]
  8018 | Spider:4 | Reached skill level 10 in Earth Magic
  8019 | Spider:4 | Reached skill level 1 in Translocations
  8045 | Spider:4 | Got a gossamer rune of Zot
  8127 | Spider:2 | Noticed Arachne
  8138 | Spider:2 | Killed Arachne
  8321 | Swamp:2  | Noticed a thorn hunter
  8325 | Swamp:2  | Killed a thorn hunter
  8337 | Swamp:2  | Reached skill level 5 in Translocations
  8400 | Swamp:4  | Entered Level 4 of the Swamp
  8515 | Swamp:4  | Noticed the 27-headed Lernaean hydra
  8519 | Swamp:4  | Killed the 27-headed Lernaean hydra
  8595 | Swamp:4  | Got a decaying rune of Zot
  8700 | Swamp:3  | Reached XP level 17. HP: 144/144 MP: 10/23
  8747 | Swamp:3  | Reached skill level 17 in Unarmed Combat
  8955 | D:13     | Found a gate to the Vaults.
  8964 | Vaults:1 | Entered Level 1 of the Vaults
  9215 | Vaults:4 | Identified the +1 scale mail "Vuuzutod" {rPois Str+4} (You found it on level 4 of the Vaults)
  9359 | Vaults:3 | Found Sebbiex's Antique Armour Emporium.
  9370 | Vaults:3 | Found Itutue's Magic Scroll Shop.
  9376 | Vaults:3 | Found Deaso's Magic Scroll Boutique.
  9520 | Vaults:2 | Reached skill level 10 in Invocations
  9734 | Vaults:3 | Lost mutation: You are resistant to electric shocks. (rElec) [mutagenic meat]
  9933 | Vaults:3 | Reached XP level 18. HP: 156/156 MP: 24/24
 10005 | Vaults:3 | Reached skill level 18 in Unarmed Combat
 10175 | Vaults:3 | Found a staircase to the Crypt.
 10191 | Vaults:3 | Bought a scroll of teleportation for 33 gold pieces
 10191 | Vaults:3 | Bought a scroll of fog for 22 gold pieces
 10199 | Vaults:3 | Bought a distressingly furry scarf for 340 gold pieces
 10199 | Vaults:3 | Identified the scarf of Valour {rC+++ rCorr Str-3 Int-3} (You bought it in a shop on level 3 of the Vaults)
 10538 | Slime:1  | Entered Level 1 of the Pits of Slime
 10551 | Slime:1  | Gained mutation: Your body sometimes deteriorates upon taking damage. [a shining eye]
 10552 | Slime:1  | Gained mutation: You are dopey. (Int -2) [a shining eye]
 10570 | Slime:2  | Gained mutation: You are frail. (-10% HP) [a shining eye]
 10587 | Slime:1  | Reached skill level 19 in Unarmed Combat
 10619 | Slime:2  | Gained mutation: You are partially covered in slimy green scales. (AC +2) [a shining eye]
 10669 | Slime:4  | Gained mutation: You are very dopey. (Int -4) [a shining eye]
 10670 | Slime:4  | Lost mutation: You are clumsy. (Dex -2) [a shining eye]
 10677 | Slime:4  | Gained mutation: You are clumsy. (Dex -2) [a shining eye]
 10694 | Slime:5  | Entered Level 5 of the Pits of Slime
 10779 | Slime:5  | Noticed the Royal Jelly
 10783 | Slime:5  | Found a viscous altar of Jiyva.
 10793 | Slime:5  | Killed the Royal Jelly
 10815 | Slime:5  | Reached XP level 19. HP: 97/149 MP: 0/26
 10848 | Slime:5  | Learned a level 2 spell: Blink
 10862 | Slime:5  | Identified the ring of Veproetu {+Blink rF+ Stlth-} (You found it on level 5 of the Pits of Slime)
 10868 | Slime:5  | Identified a scroll of acquirement
 10883 | Slime:5  | Got a slimy rune of Zot
 10930 | Slime:5  | Learned a level 5 spell: Silence
 11144 | D:13     | Bought a meat ration for 85 gold pieces
 11245 | Vaults:3 | Bought a scroll of magic mapping for 49 gold pieces
 11245 | Vaults:3 | Bought a scroll of magic mapping for 49 gold pieces
 11251 | Vaults:3 | You fall through a shaft!
 11297 | Vaults:4 | Lost mutation: You are clumsy. (Dex -2) [mutagenic meat]
 11299 | Vaults:4 | Gained mutation: You are clumsy. (Dex -2) [mutagenic meat]
 11317 | Vaults:4 | Reached skill level 20 in Unarmed Combat
 11365 | Vaults:5 | Entered Level 5 of the Vaults
 11393 | Vaults:5 | Lost mutation: You are clumsy. (Dex -2) [mutagenic meat]
 11395 | Vaults:5 | Lost mutation: Armour fits poorly on your strangely shaped body. [mutagenic meat]
 11397 | Vaults:5 | Gained mutation: You have a pair of large horns on your head. [mutagenic meat]
 11431 | Vaults:5 | Got a smoking brass ring
 11433 | Vaults:5 | Identified the ring of Xigishen {MR+ Dex+3 Stlth-} (You found it on level 5 of the Vaults)
 11504 | Vaults:5 | Noticed a golden dragon
 11513 | Vaults:5 | Killed a golden dragon
 11519 | Vaults:5 | Lost mutation: You tend to lose your temper in combat. [mutagenic meat]
 11520 | Vaults:5 | Lost mutation: You are frail. (-10% HP) [mutagenic meat]
 11618 | Vaults:5 | Reached skill level 15 in Fighting
 11738 | Vaults:5 | Noticed a golden dragon
 11745 | Vaults:5 | Killed a golden dragon
 11745 | Vaults:5 | Reached skill level 21 in Unarmed Combat
 11745 | Vaults:5 | Reached XP level 20. HP: 180/180 MP: 17/28
 11802 | Vaults:5 | Noticed an ancient lich
 11807 | Vaults:5 | Noticed an ancient lich
 11814 | Vaults:5 | Killed an ancient lich
 11871 | Vaults:5 | Noticed Jorgrun
 11885 | Vaults:5 | Killed Jorgrun
 12028 | Vaults:5 | Killed an ancient lich
 12049 | Vaults:5 | Got a silver rune of Zot
 12060 | Vaults:5 | Identified the Handbook of Vitriolic Clay
 12158 | Vaults:5 | Found Evvisepu's Food Shoppe.
 12165 | Vaults:5 | Bought a meat ration for 65 gold pieces
 12165 | Vaults:5 | Bought a bread ration for 65 gold pieces
 12165 | Vaults:5 | Bought a bread ration for 65 gold pieces
 12165 | Vaults:5 | Bought a bread ration for 65 gold pieces
 12195 | Vaults:5 | Noticed an ancient lich
 12200 | Vaults:5 | Killed an ancient lich
 12212 | Vaults:5 | Reached XP level 21. HP: 168/188 MP: 31/31
 12422 | D:15     | Found a staircase to the Depths.
 12427 | Depths:1 | Entered Level 1 of the Depths
 12501 | D:15     | Killed Louise
 12545 | Depths:1 | Noticed Sojobo
 12561 | Depths:1 | Killed Sojobo
 12641 | Depths:2 | Reached skill level 1 in Shields
 12901 | Depths:5 | Entered Level 5 of the Depths
 13023 | Depths:5 | Found a one-way gate leading to the halls of Pandemonium.
 13027 | Pan      | Entered Pandemonium
 13027 | Pan      | Noticed Butuq the pandemonium lord
 13038 | Pan      | Killed Butuq the pandemonium lord
 13053 | Pan      | Got a demonic rune of Zot
 13060 | Pan      | Found an exit through the horrors of the Abyss.
 13261 | Pan      | Noticed Dowket the pandemonium lord
 13312 | Pan      | Found an exit through the horrors of the Abyss.
 13350 | Pan      | Reached XP level 22. HP: 193/195 MP: 27/33
 13413 | Pan      | Found an exit through the horrors of the Abyss.
 13621 | Pan      | Entered the realm of Lom Lobon.
 13738 | Pan      | Cast into level 2 of the Abyss (a wizard)
 13738 | Abyss:2  | Found a corrupted altar of Lugonu.
 13775 | Abyss:2  | Found a roughly hewn altar of Beogh.
 14040 | Abyss:5  | Entered Level 5 of the Abyss
 14179 | Pan      | Escaped the Abyss
 14267 | Pan      | Noticed Lom Lobon
 14378 | Pan      | Got a magical rune of Zot
 14569 | Pan      | Got a warped robe
 14736 | Pan      | Found a glowing silver altar of Zin.
 14744 | Pan      | Reached skill level 5 in Shields
 14795 | Pan      | Reached XP level 23. HP: 69/205 MP: 24/34
 14970 | Pan      | Identified the +2 robe "Guluf" {Int-2 Dex+6 SInv Stlth+} (You found it in Pandemonium)
 15051 | Pan      | Got a fine large shield
 15079 | Pan      | HP: 10/266 [something (9)]
 15080 | Pan      | Engulfed by a cloud of blessed fire

Vault maps used:
D:1:      eino_arrival_cavern_d
D:2:      first_bread, nicolae_tso_swordbearing_angel
D:3:      minitemple, lemuel_coloured_pillars_altar
D:4:      kennysheep_mini_moat, gup_sewer_entry_bowl, serial_shops, shop,
          st_stairs_8, uniq_ijyb, uniq_sigmund, uniq_edmund, uniq_duvessa
D:5:      marbit_many_paths, chequers_temple_overflow_minitemple, serial_shops,
          shop, uniq_blork_the_orc, uniq_menkaure, uniq_prince_ribbit1
D:7:      minmay_temple_entry_hall
D:8:      nicolae_ru_path_of_blood, serial_shops, shop_statue,
          hangedman_pestilent_swarm
D:9:      lemuel_round_altar, nemelex_xobeh_ov_fountains_minmay, uniq_psyche
D:10:     minmay_lair_entry_lava, serial_shops, shop
D:11:     nicolae_trove_entry_crystal, serial_shops, shop,
          hangedman_abyss_or_decor_stabs, water_boxes_lemuel
D:12:     hiddenorc2_lemuel, uniq_snorg
D:13:     evilmike_diamond_2, david_vaults_5, portal_ice_cave_entry_ice_beasts,
          serial_shops, shop
D:14:     hangedman_decor_opposing, nrook_mini_vaults, minivault_11
D:15:     hangedman_depths_entry_civil_slaughter, serial_shops,
          nicolae_shop_trees, lab_entry_generic, serial_bayou_pond_b,
          hangedman_decor_lopped, uniq_agnes, uniq_louise, uniq_azrael
Lair:1:   lemuel_ratsnest, infiniplex_staircase_pool_2
Lair:2:   uniq_gastronok
Lair:3:   nicolae_spider_entry_orb_guardian, beast_lair_carwin_9
Lair:4:   minmay_swamp_entry_worms, minivault_24, serial_bayou_shore_b,
          grunt_megastairs_3
Lair:5:   dpeg_slime_entry_enclosed_altar
Lair:6:   evil_forest, minmay_lair_drake_nest, grunt_megastairs_4
Swamp:1:  evilmike_swamp_ruin_house_6, swamp_pool2
Swamp:2:  evilmike_swamp_ruin_house_3, swamp_pool2
Swamp:3:  evilmike_swamp_ruin_house_5, swamp_pool4, lightli_tree_ring
Swamp:4:  swamp_old_school, roderic_carrion_pond
Spider:1: uniq_rupert
Spider:2: lemuel_spider_zombies, nicolae_spider_cling_ruins, uniq_arachne
Spider:3: guppyfry_spider_mini_3, nicolae_spider_cling_halls, uniq_asterion
Spider:4: grunt_spider_rune_circles
Vaults:1: nicolae_vaults_theta, nicolae_vaults_statue_guard, v_misc_16,
          nicolae_vaults_border_crossing, vaults_room_grunt_arrival_ludios,
          vaults_dpeg_hooks, ontoclasm_vaults_ring_small, v_misc_29,
          nicolae_vaults_little_squares_1, vaults_room_corners,
          vaults_dpeg_encased_lava, nicolae_vaults_mini_display_case
Vaults:2: v_misc_8, vaults_room_door_hall, grunt_vaults_bifocal,
          nicolae_vaults_meeting, nicolae_vaults_circle_grid_b, v_misc_13,
          vaults_mumra_lcd, grunt_vaults_focal,
          nicolae_vaults_network_periphery, v_misc_3, vaults_room_grid,
          nicolae_vaults_specimen_jars, vaults_mumra_hexcomb, uniq_aizul
Vaults:3: hangedman_vaults_river_flow, blue_anna_dwarven_crypt,
          nicolae_vaults_holding_cells, nicolae_vaults_little_squares_1,
          vaults_room_semicircle, hangedman_vaults_variations,
          nicolae_vaults_network_quinsquares, hangedman_vaults_trim,
          hangedman_vaults_maws, v_rooms_4, nicolae_vaults_diagonal_hallway_7,
          nicolae_vaults_little_squares_6, ontoclasm_vaults_twist, serial_shops,
          nicolae_shop_window_shopping, shop, shop
Vaults:4: hangedman_vaults_corner, nicolae_vaults_windows_and_doors_thing,
          vaults_dpeg_ring, ontoclasm_vaults_ring_large, v_misc_10,
          vaults_dpeg_cross, v_misc_26, vaults_room_fancy_cross,
          vaults_dpeg_doors, hangedman_vaults_stretched_pinwheel
Vaults:5: uniq_jorgrun
Depths:1: serial_shops, nicolae_shop_window_shopping, minmay_misc_feat_hallway,
          hell_entry, hangedman_abyss_or_decor_stagger, grunt_ministairs_2,
          minmay_misc_feat_rows, nrook_pool_corridor,
          fake_guardian_serpent_vault, uniq_sojobo
Depths:2: mu_elemental_laboratory, serial_bayou_pond_e, abyss_entry,
          serial_shops, shop, grunt_mini_vestibule
Depths:3: cheibrodos_tormentor_scu, enter_ziggurat_b, minmay_room_of_horrors,
          hell_entry, rand_demon_pan_entry_4, dk_noncrumbling_4
Depths:4: grunt_profane_halls, hell_entry, abyss_entry, pan_entry
Depths:5: grunt_zot_entry_bicorn, hell_entry, hex_tiny, grunt_pan_entry_zigzag,
          uniq_enchantress, uniq_jory
Abyss:3:  hangedman_cross_veins
Abyss:4:  evilmike_abyss_rune_siren_acolytes
Abyss:5:  evilmike_abyss_exit_10, nicolae_abyss_rune_left_handed
Pan:      nicolae_pan_glass_arcs, evilmike_mini_pan_murderfest,
          pan_captured_pigsty, lemuel_hellion_island, evilmike_mini_pan_T,
          pan_blood_fountain_2, grunt_pan_spiral, nicolae_pan_cerebovesque_2,
          nicolae_pan_sigil_eeng, evilmike_mini_pan_diamond, special_room,
          rand_demon_7, pan_blood_fountain_small, lom_lobon_grunt,
          pan_blood_fountain_small, rand_demon_5, evilmike_holy_pan
Lab:      nicolae_lab_dead_adventurers, nicolae_lab_hexagon,
          labyrinth_skeletal_remains, nicolae_lab_blocks, nicolae_lab_garden,
          nicolae_lab_grate_2, nicolae_lab_arrow
Sewer:    sewer_kobolds

Skill      XL: |  1  2  3  4  5  6  7  8  9 10 11 12 13 14 15 16 17 18 19 20 21 22 23 |
---------------+----------------------------------------------------------------------+-----
Fighting       | 3 4 5 6 7 8 9 10 11 12 13 16 17 | 17.1
Armour         | 1 2 3 4 7 8 9 10 | 10.0
Unarmed Combat | 6 9 11 12 13 15 16 17 19 21 | 21.6
Dodging        | 5 6 7 8 9 10 11 12 13 14 | 14.2
Throwing       | 5 6 7 8 9 |  9.0
Invocations    | 5 6 8 10 11 12 13 | 13.2
Earth Magic    | 4 7 9 10 11 13 | 13.0
Transmutations | 3 7 9 10 11 13 | 13.0
Spellcasting   | 3 4 5 7 8 |  8.0
Translocations | 6 7 8 |  8.4
Shields        | 4 6 9 |  9.1
Stealth        | |  0.7

Action                   |  1- 3 |  4- 6 |  7- 9 | 10-12 | 13-15 | 16-18 | 19-21 | 22-24 || total
-------------------------+-------+-------+-------+-------+-------+-------+-------+-------++-------
Melee: Short sword       |    80 |    62 |    26 |       |       |       |       |       ||   168
       Headbutt          |     9 |    13 |    39 |   118 |   167 |   129 |   162 |    88 ||   725
       Dagger            |       |       |    52 |     3 |       |       |       |       ||    55
       Unarmed           |       |       |   107 |   356 |   491 |   466 |   494 |   331 ||  2245
       Punch             |       |       |       |    30 |    55 |    58 |    42 |       ||   185
       Kick              |       |       |       |       |    35 |   189 |   224 |   119 ||   567
       Staff             |       |       |       |       |       |       |     1 |       ||     1
Throw: Javelin           |     6 |    12 |    38 |    60 |    57 |    23 |     1 |       ||   197
       Throwing net      |     3 |       |       |     2 |       |       |       |       ||     5
 Cast: Statue Form       |       |       |       |       |    19 |    40 |    38 |    30 ||   127
       Passage of Golubr |       |       |       |       |       |    83 |    72 |     9 ||   164
       Summon Butterflie |       |       |       |       |       |     5 |     1 |       ||     6
       Blink             |       |       |       |       |       |       |       |     1 ||     1
Invok: Slouch            |       |       |       |     2 |     6 |     7 |     7 |       ||    22
       Temporal Distorti |       |       |       |       |     5 |     5 |    15 |    25 ||    50
       Step From Time    |       |       |       |       |       |     1 |     5 |     3 ||     9
Evoke: Wand              |       |     2 |    22 |    14 |    17 |     5 |     2 |     2 ||    64
       Phial of floods   |       |       |       |       |       |     2 |       |       ||     2
       Phantom mirror    |       |       |       |       |       |       |       |     2 ||     2
  Use: Scroll            |       |     4 |    11 |     7 |    20 |     9 |    15 |     8 ||    74
       Potion            |       |       |     2 |     2 |     3 |     5 |     9 |     4 ||    25
 Stab: Held in net/web   |     1 |       |       |       |       |       |       |       ||     1
       Confused          |       |     5 |     4 |       |       |       |       |       ||     9
       Petrified         |       |       |       |     3 |     4 |       |       |       ||     7
       Petrifying        |       |       |       |     1 |       |       |       |       ||     1
       Sleeping          |       |       |       |       |     3 |     4 |     1 |       ||     8
       Distracted        |       |       |       |       |     1 |     1 |     1 |     2 ||     5
  Eat: Bread ration      |       |       |     2 |       |     1 |     2 |     5 |     6 ||    16
       Chunk             |       |       |     4 |     7 |    12 |    35 |    22 |       ||    80
       Royal jelly       |       |       |     1 |       |     1 |     3 |     1 |       ||     6
       Fruit             |       |       |       |       |     6 |     4 |     7 |       ||    17
       Meat ration       |       |       |       |       |       |     1 |       |       ||     1
Armor: Leather armour    |     3 |       |       |       |     3 |    24 |     6 |     5 ||    41
       Plate armour      |    63 |    42 |   130 |   159 |       |       |       |       ||   394
       Scale mail        |       |       |       |    13 |    91 |       |       |       ||   104
       Skin              |       |       |       |       |   213 |   469 |   266 |   141 ||  1089
       Robe              |       |       |       |       |     4 |       |       |       ||     4
Dodge: Dodged            |    40 |     7 |    67 |   240 |   924 |  1167 |   816 |   477 ||  3738
Block: Buckler           |       |       |       |       |       |       |   160 |   292 ||   452
       Reflection        |       |       |       |       |       |       |       |    14 ||    14
